PL
ATHLETIC CLUB KC @ RICHARDSON CITY THUNDERCATS
09/02/2026
 
TOP OF THE 1ST
Athletic Club KC batting - Pitching for Richardson City Thundercats : LHP Jesús Gonzáles
Pitching: LHP Jesús Gonzáles
Batting: SHB Eric Moore 0-0: Bunt for hit - play at first, batter OUT! 3-4
Batting: RHB David Edwards 0-0: Ball
1-0: Called Strike
1-1: Ground out 6-3 (Groundball, 6S)
Batting: RHB Todd Blake 0-0: Ball
1-0: Ball
2-0: SINGLE (Groundball, 6MD)
Batting: SHB Pedro Vázquez 0-0: Ball
1-0: Ball
2-0: Ball
3-0: Foul Ball, location: 2F
3-1: Foul Ball, location: 2F
3-2: Strikes out looking
Top of the 1st over - 0 run(s), 1 hit(s), 0 error(s), 1 left on base; Athletic Club KC 0 - Richardson City 0
BOTTOM OF THE 1ST
Richardson City Thundercats batting - Pitching for Athletic Club KC : LHP Vincent Hall
Pitching: LHP Vincent Hall
Batting: RHB Juan Cabrera 0-0: Called Strike
0-1: Ball
1-1: Ground out 6-3 (Groundball, 6)
Batting: SHB Mitch Qualtrough 0-0: Ball
1-0: Swinging Strike
1-1: Swinging Strike
1-2: Foul Ball, location: 2F
1-2: Ground out 4-3 (Groundball, 4M)
Batting: RHB Alden Wiley 0-0: Ball
1-0: Called Strike
1-1: Ball
2-1: Fly out, F9 (Flyball, 89M)
Bottom of the 1st over - 0 run(s), 0 hit(s), 0 error(s), 0 left on base; Athletic Club KC 0 - Richardson City 0
TOP OF THE 2ND
Athletic Club KC batting - Pitching for Richardson City Thundercats : LHP Jesús Gonzáles
Batting: RHB Ramón Souza 0-0: Called Strike
0-1: DOUBLE (Line Drive, 8LD)
Batting: SHB David Henderson 0-0: SINGLE (Groundball, 56D)
Ramón Souza to third
Runner from 3rd tries for Home, SAFE, throw made home
Batting: RHB Dao-zi Dai 0-0: Called Strike
0-1: Ball
1-1: Foul Ball, location: 2F
1-2: Ball
2-2: Strikes out swinging
Batting: LHB Manuel Domínguez 0-0: Called Strike
0-1: Ball
1-1: Swinging Strike
1-2: Strikes out looking
Batting: RHB Harry Fuller 0-0: Ball
1-0: Fielders Choice at 2nd, 5-4 (Groundball, 5)
Top of the 2nd over - 1 run(s), 2 hit(s), 0 error(s), 0 left on base; Athletic Club KC 1 - Richardson City 0
BOTTOM OF THE 2ND
Richardson City Thundercats batting - Pitching for Athletic Club KC : LHP Vincent Hall
Batting: RHB Alan Elder 0-0: Called Strike
0-1: Swinging Strike
0-2: Strikes out swinging
Batting: RHB Jonathan Cook 0-0: Called Strike
0-1: Ball
1-1: Foul Ball, location: 2F
1-2: Ball
2-2: Ball
3-2: Foul Ball, location: 2F
3-2: Ground out 1-3 (Groundball, P)
Batting: RHB Tomás Martínez 0-0: Called Strike
0-1: Swinging Strike
0-2: Strikes out swinging
Bottom of the 2nd over - 0 run(s), 0 hit(s), 0 error(s), 0 left on base; Athletic Club KC 1 - Richardson City 0
TOP OF THE 3RD
Athletic Club KC batting - Pitching for Richardson City Thundercats : LHP Jesús Gonzáles
Batting: SHB Eric Moore 0-0: Swinging Strike
0-1: Foul Ball, location: 2F
0-2: Ball
1-2: Ball
2-2: Strikes out swinging
Batting: RHB David Edwards 0-0: Ball
1-0: Called Strike
1-1: Foul Ball, location: 2F
1-2: SOLO HOME RUN (Flyball, 7D), Distance : 367 ft
Batting: RHB Todd Blake 0-0: Called Strike
0-1: Foul Ball, location: 2F
0-2: Foul Ball, location: 2F
0-2: Strikes out looking
Batting: SHB Pedro Vázquez 0-0: Ground out 4-3 (Groundball, 4)
Top of the 3rd over - 1 run(s), 1 hit(s), 0 error(s), 0 left on base; Athletic Club KC 2 - Richardson City 0
BOTTOM OF THE 3RD
Richardson City Thundercats batting - Pitching for Athletic Club KC : LHP Vincent Hall
Batting: LHB Eduardo Álvarez 0-0: Swinging Strike
0-1: Called Strike
0-2: Ball
1-2: Ground out 4-3 (Groundball, 4)
Batting: RHB Joey Jones 0-0: Called Strike
0-1: Ball
1-1: Ball
2-1: Ball
3-1: Called Strike
3-2: Foul Ball, location: 2F
3-2: Fly out, F9 (Flyball, 9S)
Batting: RHB Nate Cates 0-0: Ground out 5-3 (Groundball, 56S)
Bottom of the 3rd over - 0 run(s), 0 hit(s), 0 error(s), 0 left on base; Athletic Club KC 2 - Richardson City 0
TOP OF THE 4TH
Athletic Club KC batting - Pitching for Richardson City Thundercats : LHP Jesús Gonzáles
Batting: RHB Ramón Souza 0-0: Foul Ball, location: 2F
0-1: Foul Ball, location: 2F
0-2: Strikes out looking
Batting: SHB David Henderson 0-0: Fly out, F4 (Flyball, 4D)
Batting: RHB Dao-zi Dai 0-0: Foul Ball, location: 2F
0-1: Ground out 6-3 (Groundball, 6)
Top of the 4th over - 0 run(s), 0 hit(s), 0 error(s), 0 left on base; Athletic Club KC 2 - Richardson City 0
BOTTOM OF THE 4TH
Richardson City Thundercats batting - Pitching for Athletic Club KC : LHP Vincent Hall
Batting: RHB Juan Cabrera 0-0: Ball
1-0: Swinging Strike
1-1: Fly out, F6 (Popup, 6MD)
Batting: SHB Mitch Qualtrough 0-0: Bunt for hit - play at first, batter OUT! 1-3
Batting: RHB Alden Wiley 0-0: Fly out, F7 (Flyball, 7S)
Bottom of the 4th over - 0 run(s), 0 hit(s), 0 error(s), 0 left on base; Athletic Club KC 2 - Richardson City 0
TOP OF THE 5TH
Athletic Club KC batting - Pitching for Richardson City Thundercats : LHP Jesús Gonzáles
Batting: LHB Manuel Domínguez 0-0: Foul Ball, location: 2F
0-1: Swinging Strike
0-2: Ball
1-2: Ball
2-2: Fly out, F8 (Flyball, 8RD)
Batting: RHB Harry Fuller 0-0: Ball
1-0: Swinging Strike
1-1: Ball
2-1: Swinging Strike
2-2: Foul Ball, location: 2F
2-2: Strikes out swinging
Batting: SHB Eric Moore 0-0: Ball
1-0: Foul Ball, location: 2F
1-1: SINGLE (Groundball, 6MD)
Batting: RHB David Edwards 0-0: Ball
1-0: Ball
2-0: Foul Ball, location: 2F
2-1: Foul Ball, location: 2F
2-2: Foul Ball, location: 2F
2-2: Ball
3-2: Foul Ball, location: 2F
3-2: DOUBLE (Line Drive, 7LM)
Eric Moore to third
Eric Moore scores
Batting: RHB Todd Blake 0-0: Fly out, F9 (Flyball, 89M)
Top of the 5th over - 1 run(s), 2 hit(s), 0 error(s), 1 left on base; Athletic Club KC 3 - Richardson City 0
BOTTOM OF THE 5TH
Richardson City Thundercats batting - Pitching for Athletic Club KC : LHP Vincent Hall
Batting: RHB Alan Elder 0-0: Called Strike
0-1: Ball
1-1: Ground out 5-3 (Groundball, 5S)
Batting: RHB Jonathan Cook 0-0: Ball
1-0: Ball
2-0: Foul Ball, location: 2F
2-1: Ball
3-1: Base on Balls
Batting: RHB Tomás Martínez 0-0: Called Strike
0-1: Ball
1-1: Called Strike
1-2: Ball
2-2: Ground out 5-3 (Groundball, 56)
Jonathan Cook to second
Batting: LHB Eduardo Álvarez 0-0: Ball
1-0: Ball
2-0: Foul Ball, location: 2F
2-1: Foul Ball, location: 2F
2-2: Ground out 4-3 (Groundball, 4)
Bottom of the 5th over - 0 run(s), 0 hit(s), 0 error(s), 1 left on base; Athletic Club KC 3 - Richardson City 0
TOP OF THE 6TH
Athletic Club KC batting - Pitching for Richardson City Thundercats : LHP Jesús Gonzáles
Batting: SHB Pedro Vázquez 0-0: Called Strike
0-1: Foul Ball, location: 2F
0-2: Strikes out swinging
Batting: RHB Ramón Souza 0-0: Called Strike
0-1: Ball
1-1: Swinging Strike
1-2: Ball
2-2: Strikes out swinging
Batting: SHB David Henderson 0-0: Called Strike
0-1: Ball
1-1: Ball
2-1: Fly out, F8 (Flyball, 8LM)
Top of the 6th over - 0 run(s), 0 hit(s), 0 error(s), 0 left on base; Athletic Club KC 3 - Richardson City 0
BOTTOM OF THE 6TH
Richardson City Thundercats batting - Pitching for Athletic Club KC : LHP Vincent Hall
Batting: RHB Joey Jones 0-0: Called Strike
0-1: Foul Ball, location: 2F
0-2: Strikes out swinging
Batting: RHB Nate Cates 0-0: Ball
1-0: Foul Ball, location: 2F
1-1: Swinging Strike
1-2: Ball
2-2: Foul Ball, location: 2F
2-2: Foul Ball, location: 2F
2-2: SINGLE (Line Drive, 8LS)
Batting: RHB Juan Cabrera 0-0: Called Strike
0-1: Called Strike
0-2: Ball
1-2: Ball
2-2: Ball
3-2: Base on Balls
Nate Cates to second
Batting: SHB Mitch Qualtrough 0-0: Called Strike
0-1: Foul Ball, location: 2F
0-2: Ball
1-2: Ball
2-2: SINGLE (Groundball, 56D)
Nate Cates to third
Juan Cabrera to second
Runner from 3rd tries for Home, SAFE, throw made home
Juan Cabrera to third
Mitch Qualtrough to second
Batting: RHB Alden Wiley 0-0: Called Strike
0-1: Ball
1-1: Fly out, F9 (Flyball, 9D)
Runner from 3rd tags up, SCORES, no throw
Mitch Qualtrough to third
Batting: RHB Alan Elder 0-0: Ball
1-0: Foul Ball, location: 2F
1-1: Ball
2-1: Fly out, F8 (Flyball, 8LD)
Bottom of the 6th over - 2 run(s), 2 hit(s), 0 error(s), 1 left on base; Athletic Club KC 3 - Richardson City 2
TOP OF THE 7TH
Athletic Club KC batting - Pitching for Richardson City Thundercats : LHP Jesús Gonzáles
Batting: RHB Dao-zi Dai 0-0: Called Strike
0-1: Swinging Strike
0-2: Ball
1-2: Ground out 5-3 (Groundball, 56)
Batting: LHB Manuel Domínguez 0-0: Swinging Strike
0-1: Foul Ball, location: 2F
0-2: Strikes out swinging
Batting: RHB Harry Fuller 0-0: Foul Ball, location: 2F
0-1: Called Strike
0-2: Ball
1-2: Strikes out swinging
Top of the 7th over - 0 run(s), 0 hit(s), 0 error(s), 0 left on base; Athletic Club KC 3 - Richardson City 2
BOTTOM OF THE 7TH
Richardson City Thundercats batting - Pitching for Athletic Club KC : LHP Vincent Hall
Batting: RHB Jonathan Cook 0-0: Called Strike
0-1: Ball
1-1: Ball
2-1: Foul Ball, location: 2F
2-2: Foul Ball, location: 2F
2-2: Foul Ball, location: 2F
2-2: Foul Ball, location: 2F
2-2: Ball
3-2: Foul Ball, location: 2F
3-2: Fly out, F9 (Flyball, 89M)
Batting: RHB Tomás Martínez 0-0: Swinging Strike
0-1: Fly out, F8 (Line Drive, 8LD)
Batting: LHB Eduardo Álvarez 0-0: Ball
1-0: SINGLE (Groundball, 6MD)
Batting: RHB Joey Jones 0-0: Swinging Strike
0-1: Ball
1-1: Called Strike
Eduardo Álvarez steals 2nd base
1-2: Foul Ball, location: 2F
1-2: SINGLE (Line Drive, 8RS)
Eduardo Álvarez to third
Runner from 3rd tries for Home, SAFE, no throw
Pitching: LHP António Uribe
Batting: RHB Nate Cates 0-0: Ball
1-0: Ball
2-0: Ball
3-0: Called Strike
3-1: Swinging Strike
3-2: Foul Ball, location: 2F
3-2: Base on Balls
Joey Jones to second
Batting: RHB Juan Cabrera 0-0: Foul Ball, location: 2F
0-1: Ball
1-1: Foul Ball, location: 2F
1-2: Foul Ball, location: 2F
1-2: Ball
2-2: Ball
3-2: Foul Ball, location: 2F
3-2: Fly out, F9 (Flyball, 9LS)
Bottom of the 7th over - 1 run(s), 2 hit(s), 0 error(s), 2 left on base; Athletic Club KC 3 - Richardson City 3
TOP OF THE 8TH
Athletic Club KC batting - Pitching for Richardson City Thundercats : LHP Jesús Gonzáles
Batting: SHB Eric Moore 0-0: Called Strike
0-1: Foul Ball, location: 2F
0-2: Ball
1-2: Ball
2-2: Foul Ball, location: 2F
2-2: Foul Ball, location: 2F
2-2: Ball
3-2: Foul Ball, location: 2F
3-2: DOUBLE (Flyball, 89D)
Batting: RHB David Edwards 0-0: Intentional Walk
Pitching: LHP Armando Gonzáles
Batting: RHB Todd Blake 0-0: Called Strike
0-1: Swinging Strike
0-2: Strikes out looking
Batting: SHB Pedro Vázquez 0-0: Ball
1-0: SINGLE (Line Drive, 3)
Eric Moore to third
David Edwards to second
Runner from 3rd tries for Home, SAFE, no throw
Batting: RHB Ramón Souza 0-0: Ball
1-0: Fly out, F8 (Flyball, 8LM)
Batting: SHB David Henderson 0-0: Swinging Strike
0-1: Ball
1-1: Ball
2-1: Called Strike
2-2: Foul Ball, location: 2F
2-2: Fly out, F8 (Flyball, 8LXD)
Top of the 8th over - 1 run(s), 2 hit(s), 0 error(s), 2 left on base; Athletic Club KC 4 - Richardson City 3
BOTTOM OF THE 8TH
Richardson City Thundercats batting - Pitching for Athletic Club KC : LHP António Uribe
Batting: SHB Mitch Qualtrough 0-0: Ball
1-0: Called Strike
1-1: Called Strike
1-2: Strikes out looking
Pitching: RHP Jeff Krause
Batting: RHB Alden Wiley 0-0: Ball
1-0: Swinging Strike
1-1: Ball
2-1: Ball
3-1: Base on Balls
Batting: RHB Alan Elder 0-0: Called Strike
0-1: Ball
1-1: Ball
2-1: Foul Ball, location: 2F
2-2: Strikes out swinging
Batting: RHB Jonathan Cook 0-0: Called Strike
0-1: Swinging Strike
0-2: Ball
1-2: Strikes out swinging
Bottom of the 8th over - 0 run(s), 0 hit(s), 0 error(s), 1 left on base; Athletic Club KC 4 - Richardson City 3
TOP OF THE 9TH
Athletic Club KC batting - Pitching for Richardson City Thundercats : LHP Armando Gonzáles
Batting: RHB Dao-zi Dai 0-0: Ground out 2-3 (Groundball, 15S)
Batting: LHB Manuel Domínguez 0-0: Ball
1-0: Fly out, F2 (Popup, 3S)
Batting: RHB Harry Fuller 0-0: Ball
1-0: Fly out, F1 (Line Drive, 15)
Top of the 9th over - 0 run(s), 0 hit(s), 0 error(s), 0 left on base; Athletic Club KC 4 - Richardson City 3
BOTTOM OF THE 9TH
Richardson City Thundercats batting - Pitching for Athletic Club KC : RHP Jeff Krause
Pitching: RHP Gene Kirkland
Batting: RHB Tomás Martínez 0-0: SOLO HOME RUN (Flyball, 78XD), Distance : 392 ft
Batting: LHB Eduardo Álvarez 0-0: Ball
1-0: Foul Ball, location: 2F
1-1: Foul Ball, location: 2F
1-2: Ball
2-2: SINGLE (Groundball, 34D) (infield hit)
Batting: RHB Joey Jones 0-0: Ball
1-0: Called Strike
1-1: Fly out, F4 (Line Drive, 4)
Pinch Hitting: LHB Terrence Eler 0-0: Ball
Eduardo Álvarez steals 2nd base
1-0: Intentional Walk
Batting: RHB Juan Cabrera 0-0: SINGLE (Groundball, 6S) (infield hit)
Eduardo Álvarez to third
Terrence Eler to second
Batting: SHB Mitch Qualtrough 0-0: Called Strike
0-1: Fly out, F9 (Line Drive, 34D)
Runner from 3rd tags up, OUT at HOME
Bottom of the 9th over - 1 run(s), 3 hit(s), 0 error(s), 2 left on base; Athletic Club KC 4 - Richardson City 4
TOP OF THE 10TH
Athletic Club KC batting - Pitching for Richardson City Thundercats : LHP Armando Gonzáles
Pitching: LHP Manuel Franco
Now at 1B: Terrence Eler
Pinch Hitting: RHB Luis Muńóz 0-0: Ball
1-0: Ball
2-0: Ball
3-0: Called Strike
3-1: Called Strike
3-2: Foul Ball, location: 2F
3-2: Foul Ball, location: 2F
3-2: Ground out 5-3 (Groundball, 56)
Batting: RHB David Edwards 0-0: Called Strike
0-1: Ball
1-1: Foul Ball, location: 2F
1-2: SINGLE (Flyball, 8LS)
Batting: RHB Todd Blake 0-0: Foul Ball, location: 2F
0-1: Ball
1-1: Called Strike
1-2: Ball
2-2: Ball
3-2: SINGLE (Line Drive, 6MD)
David Edwards to second
David Edwards to third
Batting: SHB Pedro Vázquez 0-0: Ball
1-0: Foul Ball, location: 2F
1-1: Swinging Strike
1-2: Strikes out swinging
Batting: RHB Ramón Souza 0-0: Called Strike
0-1: Ball
1-1: Foul Ball, location: 2F
1-2: Foul Ball, location: 2F
1-2: Strikes out swinging
Top of the 10th over - 0 run(s), 2 hit(s), 0 error(s), 2 left on base; Athletic Club KC 4 - Richardson City 4
BOTTOM OF THE 10TH
Richardson City Thundercats batting - Pitching for Athletic Club KC : RHP Gene Kirkland
Now at 2B: Michael Walker
Now in RF: Júlio Maldonado
Pinch Hitting: LHB Fernando Ramírez 0-0: Ball
1-0: Called Strike
1-1: Called Strike
1-2: Fly out, F7 (Flyball, 7)
Batting: RHB Alan Elder 0-0: Ball
1-0: Reached on error, E4 (Groundball, 4)
Batting: RHB Jonathan Cook 0-0: Called Strike
0-1: Called Strike
0-2: Ball
1-2: Foul Ball, location: 2F
1-2: Ball
2-2: Fly out, F4 (Popup, 4D)
Batting: RHB Tomás Martínez 0-0: Ball
1-0: Called Strike
1-1: Ball
2-1: Foul Ball, location: 2F
2-2: Ball
3-2: Strikes out looking
Bottom of the 10th over - 0 run(s), 0 hit(s), 1 error(s), 1 left on base; Athletic Club KC 4 - Richardson City 4
TOP OF THE 11TH
Athletic Club KC batting - Pitching for Richardson City Thundercats : LHP Manuel Franco
Now at 3B: Fernando Rivera
Batting: SHB David Henderson 0-0: Ball
1-0: Ball
2-0: Ball
3-0: Called Strike
3-1: Foul Ball, location: 2F
3-2: SINGLE (Line Drive, 56D)
Batting: RHB Dao-zi Dai 0-0: Ball
Wild Pitch!
David Henderson to second
1-0: Ball
Wild Pitch!
David Henderson to third
2-0: Ball
3-0: Called Strike
3-1: Base on Balls
Batting: RHB Júlio Maldonado 0-0: Called Strike
0-1: Ball
1-1: Ball
2-1: Foul Ball, location: 2F
2-2: DOUBLE (Groundball, 5L)
David Henderson scores
Dao-zi Dai to third
Pitching: RHP Bo Tubbs
Batting: RHB Harry Fuller 0-0: Called Strike
0-1: Ball
1-1: Ball
2-1: Foul Ball, location: 2F
2-2: Ball
3-2: Foul Ball, location: 2F
3-2: Fly out, F8 (Flyball, 8LM)
Runner from 3rd tags up, OUT at HOME
Júlio Maldonado to third
Batting: RHB Michael Walker 0-0: Fly out, F7 (Flyball, 7S)
Top of the 11th over - 1 run(s), 2 hit(s), 0 error(s), 1 left on base; Athletic Club KC 5 - Richardson City 4
BOTTOM OF THE 11TH
Richardson City Thundercats batting - Pitching for Athletic Club KC : RHP Gene Kirkland
Pitching: RHP Eric Lang
Batting: LHB Eduardo Álvarez 0-0: Ball
1-0: Ball
2-0: SINGLE (Line Drive, 34D)
Batting: RHB Joey Jones 0-0: Called Strike
0-1: Ball
1-1: Fly out, F6 (Flyball, 6D)
Batting: LHB Terrence Eler 0-0: Called Strike
Throwing error on steal attempt, E2
Eduardo Álvarez to third
0-1: Ball
1-1: Called Strike
1-2: Ball
2-2: Foul Ball, location: 2F
2-2: Ball
3-2: Base on Balls
Batting: RHB Juan Cabrera 0-0: Ball
1-0: Swinging Strike
1-1: Foul Ball, location: 2F
1-2: Strikes out looking
Batting: SHB Mitch Qualtrough 0-0: Ball
1-0: Swinging Strike
1-1: Ball
2-1: Swinging Strike
2-2: Ball
3-2: Strikes out swinging
Bottom of the 11th over - 0 run(s), 1 hit(s), 1 error(s), 2 left on base; Athletic Club KC 5 - Richardson City 4
Monday, March 20th, 2017 - OOTP Baseball 17.12 Build 75